[ PARTIDA AOE2 · #489403573 ]
UnrankedGeorgianos vs Teutons
Equipo del jugador · VICT
Equipo rival · DERR
[ ANÁLISIS DE REPETICIÓN · EXTRAÍDO DE LA PARTIDA GRABADA ]
Feudal
—
Castillos
—
Imperial
—
| APM promedio | 42.5 |
| APM pico | 57 |
| eAPM promedio | 13.8 |
| Aldeanos / militares | 15 / 0 |
Foco
⚔️ 14.6% · 🌾 85.4%
Feudal
—
Castillos
—
Imperial
—
| APM promedio | 31.5 |
| APM pico | 56 |
| eAPM promedio | 11.6 |
| Aldeanos / militares | 21 / 0 |
Foco
⚔️ 11.8% · 🌾 88.2%
Mapa de la partida
Recursos iniciales + cada clic de construcción. Líneas = muros · curvas = relieve. ◆ oro · ⬟ piedra · ● bayas · ✦ reliquia · ◌ hueco del cierre
Tu base
Base de jtetjos
Terreno inicial suavizado · ◌ = hueco del cierre detectado · pasá el cursor para detalles
Inputs por minuto
— CTM | Crawly94 - - jtetjos
Build order — CTM | Crawly94
22 acciones detectadas en el replay
| 0:00 | Crear | Villager (Male) |
| 0:01 | Crear | Villager (Male) |
| 0:02 | Construir | House |
| 0:03 | Construir | House |
| 0:20 | Crear | Villager (Male) |
| 0:20 | Crear | Villager (Male) |
| 1:37 | Crear | Villager (Male) |
| 1:38 | Crear | Villager (Male) |
| 1:54 | Construir | Mill |
| 2:09 | Crear | Villager (Male) |
| 2:57 | Crear | Villager (Male) |
| 2:57 | Crear | Villager (Male) |
| 3:17 | Crear | Villager (Male) |
| 3:17 | Crear | Villager (Male) |
| 3:18 | Crear | Villager (Male) |
| 3:41 | Construir | House |
| 3:44 | Crear | Villager (Male) |
| 4:31 | Crear | Villager (Male) |
| 4:31 | Crear | Villager (Male) |
| 5:17 | Investigar | Loom |
| 5:52 | Investigar | Feudal Age |
| 5:52 | Investigar | Feudal Age |
Build order — jtetjos
27 acciones detectadas en el replay
| 0:00 | Crear | Villager (Male) |
| 0:01 | Crear | Villager (Male) |
| 0:01 | Crear | Villager (Male) |
| 0:01 | Crear | Villager (Male) |
| 0:03 | Construir | House |
| 0:06 | Construir | House |
| 1:28 | Crear | Villager (Male) |
| 1:54 | Construir | Lumber Camp |
| 2:01 | Crear | Villager (Male) |
| 2:02 | Crear | Villager (Male) |
| 2:21 | Crear | Villager (Male) |
| 2:22 | Crear | Villager (Male) |
| 2:50 | Crear | Villager (Male) |
| 3:05 | Construir | House |
| 3:08 | Construir | House |
| 3:14 | Crear | Villager (Male) |
| 3:40 | Crear | Villager (Male) |
| 4:04 | Crear | Villager (Male) |
| 4:26 | Construir | Mill |
| 4:32 | Crear | Villager (Male) |
| 4:59 | Crear | Villager (Male) |
| 4:59 | Crear | Villager (Male) |
| 5:45 | Crear | Villager (Male) |
| 6:16 | Crear | Villager (Male) |
| 6:16 | Crear | Villager (Male) |
| 6:16 | Crear | Villager (Male) |
| 6:39 | Crear | Villager (Male) |
Cronología de la partida
| 6:43 | jtetjos · resign |
[ ANÁLISIS IA · 1 CRÉDITO ]
¿Qué pasó realmente en esta partida?
Wolo.gg analiza cada decisión: build order, eco, micro, errores típicos por bracket. Análisis personalizado por WhatsApp o Discord en 30 segundos.
Guía civ
Georgianos
Perfil
CTM | Crawly94